 Dungeon Crawl Stone Soup version 0.30-a0-722-g3e6e8c874d (webtiles) character file.

Game seed: 14520846661246481867

5838 ASSMAN the Spry (level 10, -3/88 HPs)
             Began as a Minotaur Berserker on Jan 28, 2023.
             Was an Elder of Trog.
             Killed from afar by an electric eel (10 damage)
             ... with a bolt of electricity
             ... on level 9 of the Dungeon.
             The game lasted 00:12:06 (8820 turns).

ASSMAN the Spry (Minotaur Berserker)                Turns: 8820, Time: 00:12:07

Health: -3/88      AC: 14    Str: 26    XL:     10   Next: 51%
Magic:  9/9        EV: 24    Int:  4    God:    Trog [****..]
Gold:   595        SH:  2    Dex: 10    Spells: 9/9 levels left

rFire   . . .      SeeInvis .    y - +0 morningstar (protect)
rCold   . . .      Faith    .    (no shield)
rNeg    + . .      Spirit   .    D - +1 steam dragon scales
rPois   .          Reflect  .    (helmet restricted)
rElec   .          Harm     .    x - +1 cloak
rCorr   .          Rampage  .    s - +0 pair of gloves
Will    .....                    p - +0 pair of boots
Stlth   +                        (no amulet)
HPRegen 0.34/turn                k - +5 ring of evasion
MPRegen 0.11/turn                i - ring of the Octopus King {rN+ HP+2 AC+2 EV+2 SH+2}

@: studying Dodging
A: horns 2, retaliatory headbutt
a: Renounce Religion, Berserk, Trog's Hand, Brothers in Arms


You were on level 9 of the Dungeon.
You worshipped Trog.
Trog was greatly pleased with you.
You visited 1 branch of the dungeon, and saw 9 of its levels.
You also visited: Ossuary and Bailey.

You collected 595 gold pieces.

Inventory:

Hand Weapons
 g - a +3 great sword of electrocution
 y - a +0 morningstar of protection (weapon)
Missiles
 q - a throwing net (quivered)
Armour
 p - a +0 pair of boots (worn)
 s - a +0 pair of gloves (worn)
 x - a +1 cloak (worn)
 D - +1 steam dragon scales (worn)
Jewellery
 i - a ring of the Octopus King (right hand) {rN+ HP+2 AC+2 EV+2 SH+2}
   (You found it on level 8 of the Dungeon)

   [ring of positive energy]

   AC:        It affects your AC (+2).
   EV:        It affects your evasion (+2).
   rN:        It protects you from negative energy.
   HP:        It affects your health (+2).
   SH:        It affects your SH (+2).
 k - a +5 ring of evasion (left hand)
 o - an amulet of faith
 v - a ring of magical power
Wands
 b - a wand of digging (3)
 A - a wand of charming (12)
 E - a wand of flame (12)
Scrolls
 c - a scroll of enchant weapon {unknown}
 e - a scroll of silence {unknown}
 f - a scroll of fog
 h - 3 scrolls of teleportation
 j - a scroll of fear
 t - a scroll of enchant armour
 u - 2 scrolls of identify
 w - a scroll of magic mapping
 z - 2 scrolls of blinking {unknown}
Potions
 a - 6 potions of invisibility
 d - 4 potions of flight
 l - 7 potions of magic
 m - 5 potions of curing
 n - a potion of resistance {unknown}
 r - 2 potions of haste
 B - a potion of berserk rage
 C - 2 potions of ambrosia
 G - 4 potions of heal wounds {unknown}
 H - 3 potions of might {unknown}


   Skills:
 - Level 7.5 Fighting
 + Level 10.9 Maces & Flails
 - Level 6.9 Armour
 * Level 15.5 Dodging


You had 9 spell levels left.
You didn't know any spells.
Your spell library contained the following spells:

 Spells                   Type           Power      Damage    Failure   Level
 Portal Projectile        Hex/Tloc       0%         N/A       86%         3
 Tukima's Dance           Hex            0%         N/A       86%         3
 Blade Hands              Tmut           0%         N/A       100%        5


Dungeon Overview and Level Annotations

Branches:
Dungeon (9/15)             Temple (0/1) D:5         Ossuary (visited)
 Bailey (visited)
   Lair: D:8-11         Orc: D:9-12

Altars:
Cheibriados
Fedhas
Makhleb
Okawaru
Uskayaw
Vehumet
Yredelemnul
Zin
The Shining One

Shops:
D:1 =   D:6 =

Annotations:
D:5 exclusion: statue


Innate Abilities, Weirdness & Mutations

You have a pair of horns on your head.
You reflexively headbutt those who attack you in melee.


Message History

The electric eel shoots out a bolt of lightning at you!
The bolt of electricity hits the electric eel.
The electric eel completely resists.
The bolt of electricity hits you!
You closely miss the electric eel.
A nearby plant withers and dies.
The electric eel shoots out a bolt of lightning at you!
The bolt of electricity hits the electric eel.
The electric eel completely resists.
The bolt of electricity hits you.
You are too injured to fight recklessly!
You are too injured to fight recklessly!
You are too injured to fight recklessly!
You puncture the electric eel!
Your weapon exudes an aura of protection.
The electric eel is almost dead.
An electric eel comes into view.
The electric eel shoots out a bolt of lightning at you!
The bolt of electricity hits the electric eel.
The electric eel completely resists.
The bolt of electricity misses you.
You barely miss the electric eel. Your punch misses the electric eel.
The electric eel is almost dead.
The electric eel shoots out a bolt of lightning at you!
The bolt of electricity hits you.
The electric eel shoots out a bolt of lightning at you!
The bolt of electricity hits the electric eel.
The electric eel completely resists.
The bolt of electricity hits you!
The electric eel shoots out a bolt of lightning at you!
The bolt of electricity hits you!
* * * LOW HITPOINT WARNING * * *
The electric eel shoots out a bolt of lightning at you!
The bolt of electricity hits you.
* * * LOW HITPOINT WARNING * * *
The electric eel shoots out a bolt of lightning at you!
The bolt of electricity misses you.
The electric eel shoots out a bolt of lightning at you!
The bolt of electricity misses you.
The electric eel shoots out a bolt of lightning at you!
The bolt of electricity hits you!
* * * LOW HITPOINT WARNING * * *
The electric eel shoots out a bolt of lightning at you!
The bolt of electricity hits you!
You die...

#...###.######)####
#.........!...)....
#...###.......##.##
##.## #....>.. #.##
#.# #....... #.##
####.####P♣♣....
#.##
#.......~~♣♣♣...
#...
#?##.##♣~~~~♣♣♣.
###. # #@#♣~~~~≈ ♣♣
#. #.~~PP~~~ #.
#S~~P~~≈≈ #.
#~~~~~≈~≈≈ #.
..~~~~≈≈≈≈~ ♣.
##...~~~~S~≈ ~.
#.......... ..
##♣.~~~≈S~~ P~.
P.~~P~~≈~


You could see 3 electric eels.

Vanquished Creatures
  A kobold demonologist (D:8)
  Sigmund (D:2)
  A wyvern (D:8)
  A vampire (D:9)
  3 steam dragons
  Menkaure (D:5)
  6 water moccasins
  Duvessa (D:4)
  An ice beast (D:5)
  2 orc warriors
  2 black bears (D:7)
  A sky beast (D:7)
  2 centaurs
  2 phantoms
  13 kobold brigands (D:8)
  2 bullfrogs
  A gnoll sergeant (D:3)
  A scorpion (D:6)
  9 wights
  Dowan (D:4)
  3 howler monkeys
  2 hounds
  A jelly (D:6)
  5 orc priests
  2 gnoll boudas
  Ijyb (D:4)
  Natasha (thrice) (D:4)
  7 iguanas
  5 orc wizards
  8 mummies (Ossuary)
  9 adders
  20 gnolls
  4 white imps
  2 ufetubi
  2 worms
  4 dart slugs
  52 orcs
  A ball python (D:4)
  5 bats
  8 endoplasms
  4 giant cockroaches
  4 gnoll zombies (Ossuary)
  7 goblins
  4 hobgoblins
  2 quokkas
  3 frilled lizards
  7 kobolds
  4 kobold zombies (Ossuary)
  6 rats
237 creatures vanquished.

Vanquished Creatures (others)
  25 plants (D:9)
25 creatures vanquished.

Grand Total: 262 creatures vanquished

Notes
Turn   | Place    | Note
-------+----------+-------------------------------------------
     0 | D:1      | ASSMAN the Minotaur Berserker began the quest for the Orb.
     0 | D:1      | Reached XP level 1. HP: 19/19 MP: 0/0
    68 | D:1      | Found Beyx's Jewellery Emporium.
   135 | D:1      | Reached XP level 2. HP: 26/27 MP: 1/1
   528 | D:1      | Reached XP level 3. HP: 28/33 MP: 2/2
   774 | D:2      | Identified the +3 dagger of the Five Continents {flame,
                  | Dex+3}
   830 | D:2      | Noticed Sigmund
   836 | D:2      | Killed Sigmund
   837 | D:2      | Reached skill level 3 in Dodging
   837 | D:2      | Reached XP level 4. HP: 11/41 MP: 3/3
   837 | D:2      | Reached XP level 5. HP: 13/47 MP: 4/4
  1241 | D:2      | Reached ** piety under Trog
  1424 | D:2      | Found a faded altar of an unknown god.
  1429 | D:2      | Reached skill level 5 in Fighting
  1429 | D:2      | Reached skill level 5 in Maces & Flails
  1519 | D:3      | Reached XP level 6. HP: 33/56 MP: 5/5
  1522 | D:3      | Found a burning altar of Makhleb.
  1673 | D:3      | Reached skill level 4 in Dodging
  1926 | D:3      | Found an iron altar of Okawaru.
  1948 | D:3      | Noticed a +0 short sword
  1948 | D:3      | Noticed a +0 short sword
  1948 | D:3      | Noticed a +0 spear
  1952 | D:3      | Noticed a +0 dagger
  1953 | D:3      | Noticed a +0 dagger
  1954 | D:3      | Noticed a +0 falchion
  1956 | D:3      | Noticed a +0 falchion
  1957 | D:3      | Noticed a +0 spear
  1962 | D:3      | Found a hide-covered altar of Uskayaw.
  2306 | D:4      | Noticed Natasha
  2317 | D:4      | Killed Natasha
  2484 | D:4      | Noticed Natasha
  2490 | D:4      | Killed Natasha
  2524 | D:4      | Noticed Duvessa
  2525 | D:4      | Noticed Dowan
  2535 | D:4      | Killed Duvessa
  2536 | D:4      | Reached skill level 5 in Armour
  2536 | D:4      | Reached XP level 7. HP: 50/62 MP: 6/6
  2542 | D:4      | Killed Dowan
  2730 | D:4      | Noticed Ijyb
  2764 | D:4      | Killed Ijyb
  2765 | D:4      | Reached skill level 5 in Dodging
  2988 | D:4      | Noticed Natasha
  2997 | D:4      | Killed Natasha
  3217 | D:5      | Entered Level 5 of the Dungeon
  3230 | D:5      | Reached XP level 8. HP: 71/71 MP: 7/7
  3664 | D:5      | Reached skill level 6 in Dodging
  3914 | D:5      | Found a staircase to the Ecumenical Temple.
  4017 | D:5      | Noticed Menkaure
  4018 | D:5      | Found a glowing silver altar of Zin.
  4024 | D:5      | Killed Menkaure
  4262 | D:5      | Found a radiant altar of Vehumet.
  4278 | D:5      | Identified a scroll of acquirement
  4279 | D:5      | Acquired a manual of Dodging
  4399 | D:6      | Found Qavoun Lerph's Jewellery Shop.
  4537 | D:6      | Reached skill level 7 in Dodging
  4609 | D:6      | Reached *** piety under Trog
  4610 | D:6      | Reached skill level 8 in Dodging
  4615 | D:6      | Reached XP level 9. HP: 79/79 MP: 8/8
  4960 | D:6      | Reached skill level 9 in Dodging
  5514 | D:7      | Reached skill level 10 in Dodging
  5551 | D:7      | Found a sand-covered staircase.
  5556 | Ossuary  | Entered an ossuary
  5943 | D:7      | Reached skill level 11 in Dodging
  6256 | D:7      | Reached skill level 12 in Dodging
  6603 | D:8      | Found the ring of the Octopus King
  6610 | D:8      | Identified a ring of the Octopus King {rN+ HP+2 AC+2 EV+2
                  | SH+2}
  6649 | D:8      | Reached **** piety under Trog
  6659 | D:8      | Reached skill level 13 in Dodging
  6665 | D:8      | Noticed a kobold demonologist
  6677 | D:8      | Noticed a hellwing
  6678 | D:8      | Killed a kobold demonologist
  6679 | D:8      | Reached skill level 10 in Maces & Flails
  6679 | D:8      | Reached XP level 10. HP: 67/86 MP: 9/9
  6705 | D:8      | Reached skill level 14 in Dodging
  6897 | D:8      | Found a flagged portal.
  6906 | Bailey   | Entered a bailey
  7482 | D:8      | Found a glowing golden altar of the Shining One.
  7484 | D:8      | Noticed an angel
  7745 | D:8      | Reached skill level 15 in Dodging
  7850 | D:8      | Found a blossoming altar of Fedhas.
  8032 | D:8      | Found a snail-covered altar of Cheibriados.
  8278 | D:8      | Found a basalt altar of Yredelemnul.
  8820 | D:9      | Killed from afar by an electric eel

Illustrated notes

Levels and vault maps discovered:
D:1:      matt_arrival_grand_opening, layout_loops_ring, serial_shops,
          nicolae_shop_crystal
D:2:      layout_loops_cross, chequers_ecumenical_altar_simple_redux,
          uniq_sigmund
D:3:      layout_loops_ring, bloody_makhleb, okawaru_trees_1,
          nicolae_uskayaw_en_pointe
D:4:      layout_cave_pods, uniq_ijyb, uniq_natasha, uniq_duvessa
D:5:      layout_cave_pools, lemuel_coloured_pillars_altar, vehumet_statue,
          temple_doors_e, uniq_menkaure
D:6:      minmay_spotlight, layout_basic, serial_curves, eino_curves_04,
          eino_curves_03, serial_shops, nicolae_shop_competitors_out_of_business
D:7:      layout_loops_ring, nicolae_ossuary_entry_ruins
D:8:      layout_layer_cave, grunt_temple_overflow_holy_war,
          kennysheep_little_box, fedhas_altar_1, enter_bailey_5, special_room
          [special_room_kobold], minmay_statues_item
D:9:      layout_loops_cross, amcnicky_altar_gilded, serial_bayou,
          serial_bayou_shore_b, serial_bayou_lagoon_b, serial_bayou_lake_a,
          serial_bayou_pond_b, serial_shops, shop_fountains, minivault_25,
          uniq_erica

Skill      XL: |  1  2  3  4  5  6  7  8  9 10 |
---------------+-------------------------------+-----
Fighting       | 4 5 6 7 |  7.5
Maces & Flails | 4 5 6 8 10 | 10.9
Armour         | 3 4 5 6 |  6.9
Dodging        | 3 4 5 8 13 15 | 15.5

Action                     |  1- 3 |  4- 6 |  7- 9 | 10-12 || total
---------------------------+-------+-------+-------+-------++-------
  Melee: Mace              |    66 |    88 |   146 |       ||   300
         Headbutt          |     9 |    10 |    49 |    26 ||    94
         Morningstar       |       |       |   150 |   146 ||   296
         Punch             |       |       |     2 |     2 ||     4
 Invoke: Berserk           |     1 |     4 |     8 |     1 ||    14
         Trog's Hand       |       |       |     1 |       ||     1
    Use: Potion            |       |     1 |     7 |       ||     8
         Scroll            |       |       |    18 |     1 ||    19
   Stab: Sleeping          |       |       |       |     1 ||     1
 Armour: Animal skin       |     8 |     1 |       |       ||     9
         Scale mail        |       |    28 |    77 |       ||   105
         Steam dragon scal |       |       |    43 |    43 ||    86
  Dodge: Dodged            |    35 |    76 |   434 |   185 ||   730
  Block: Other             |       |       |    12 |     6 ||    18

Table legend: (Time is in decaauts)
 A = Elapsed time spent in this place.
 B = Non-inter-level travel time spent in this place.
 C = Inter-level travel time spent in this place.
 D = Time resting spent in this place.
 E = Time spent auto-exploring this place.
 F = Levels seen in this place.
 G = Mean time per level.
                   A        B        C        D        E       F      G
               +--------+--------+--------+--------+--------+-----+--------+
         Total |   8984 |   8686 |    298 |    812 |   6416 |  11 |  816.7 |
       Dungeon |   8200 |   7902 |    298 |    710 |   5932 |   9 |  911.1 |
       Ossuary |    364 |    364 |      0 |     53 |    221 |   1 |  364.0 |
        Bailey |    420 |    420 |      0 |     49 |    263 |   1 |  420.0 |
               +--------+--------+--------+--------+--------+-----+--------+

Top non-repeatable levels by time:
     D:8: 1603 daAuts
     D:6: 1216 daAuts
     D:4: 1178 daAuts
     D:5: 925 daAuts
     D:3: 794 daAuts
     D:2: 784 daAuts
     D:1: 724 daAuts
     D:7: 722 daAuts
  Bailey: 420 daAuts
 Ossuary: 364 daAuts
     D:9: 250 daAuts
